 Dungeon Crawl Stone Soup version 0.28.0-62-gf88900778d (webtiles) character file.

Game seed: 2281974906619589838

65 cbfl8 the Skirmisher (level 3, -1/34 HPs)
             Began as a Minotaur Berserker on June 29, 2023.
             Was a Follower of Trog.
             Slain by a phantom (6 damage)
             ... on level 2 of the Dungeon.
             The game lasted 00:00:53 (1328 turns).

cbfl8 the Skirmisher (Minotaur Berserker)           Turns: 1328, Time: 00:00:54

Health: -1/34      AC:  2    Str: 21    XL:     3   Next: 94%
Magic:  2/2        EV: 12    Int:  4    God:    Trog [*.....]
Gold:   30         SH:  0    Dex: 11    Spells: 2/2 levels left

rFire   . . .      SeeInvis .   a - +0 hand axe
rCold   . . .      Faith    .   (no shield)
rNeg    . . .      Spirit   .   b - +0 animal skin
rPois   .          Reflect  .   (helmet restricted)
rElec   .          Harm     .   (no cloak)
rCorr   .          Rampage  .   (no gloves)
Will    .....                   (no boots)
Stlth   +.........              (no amulet)
HPRegen 0.11/turn               (no ring)
MPRegen 0.08/turn               (no ring)

@: brilliant, on berserk cooldown, slowed, very slow
A: horns 2, retaliatory headbutt
a: Renounce Religion, Berserk


You were on level 2 of the Dungeon.
You worshipped Trog.
Trog was aware of your devotion.
You visited 1 branch of the dungeon, and saw 2 of its levels.

You collected 30 gold pieces.

Inventory:

Hand Weapons
 a - a +0 hand axe (weapon)
Armour
 b - a +0 animal skin (worn)
Scrolls
 e - a scroll of vulnerability


   Skills:
 + Level 4.4 Fighting
 + Level 4.3 Axes
 + Level 3.0 Armour
 + Level 2.4 Dodging
 * Level 1.1 Evocations


You had 2 spell levels left.
You didn't know any spells.
Your spell library was empty.

Dungeon Overview and Level Annotations

Branches:
Dungeon (2/15)

Altars:


Innate Abilities, Weirdness & Mutations

You have a pair of horns on your head.
You reflexively headbutt those who attack you in melee.


Message History

Trog accepts your kill.
You slash the worm!
You kill the worm!
Trog accepts your kill.
You see here a +0 spear.
You slash the gnoll!
The gnoll is severely wounded.
The gnoll hits you with a +0 whip.
You slash the gnoll!
You kill the gnoll!
Trog accepts your kill.
You see here a +0 whip.
You start resting.
You feel a strong urge to attack something.
You are no longer berserk.
You are exhausted.
You feel yourself slow down.
You start resting.
A phantom comes into view.
A phantom is nearby!
A phantom is nearby!
A phantom is nearby!
As you read the scroll labelled QUTTUCV REZEUSOI, it crumbles to dust.
It is a scroll of identify.
e - a scroll of vulnerability
Okay, then.
It was a potion of brilliance.
You feel clever all of a sudden.
Okay, then.
The phantom barely misses you. The phantom misses you.
You see here a +0 spear.
The phantom hits you!
* * * LOW HITPOINT WARNING * * *
The phantom blinks!
You blink.
A gnoll comes into view. It is wielding a +0 halberd.
The gnoll shouts!
The phantom hits you but does no damage.
The gnoll misses you. The gnoll misses you. The phantom hits you.
You die...

#### #.# ..# #.#
#.# #.#
#.####.#####
#####@W........#
#...g..........#
#.###..###.###.#
#..##.).## ##
##..#..)).#....
............#
#######ยง#####
#.# #.#


You could see a phantom and a gnoll.

Vanquished Creatures
  3 gnolls (D:2)
  A worm (D:2)
  5 ball pythons
  2 bats (D:1)
  An endoplasm (D:1)
  A giant cockroach (D:1)
  6 goblins (D:1)
  4 hobgoblins (D:1)
  3 kobolds (D:1)
  A quokka (D:1)
  A frilled lizard (D:1)
  A rat (D:1)
29 creatures vanquished.

Notes
Turn   | Place    | Note
-------+----------+-------------------------------------------
     0 | D:1      | cbfl8 the Minotaur Berserker began the quest for the Orb.
     0 | D:1      | Reached XP level 1. HP: 19/19 MP: 0/0
   447 | D:1      | Reached XP level 2. HP: 27/27 MP: 1/1
  1042 | D:1      | Reached XP level 3. HP: 30/33 MP: 2/2
  1313 | D:2      | Reached skill level 1 in Evocations
  1319 | D:2      | Noticed a phantom
  1328 | D:2      | Slain by a phantom

Illustrated notes

Levels and vault maps discovered:
D:1:      dpeg_arrival_boxorama, layout_basic
D:2:      layout_loops_corners, serial_shops, nicolae_shop_window_shopping,
          nicolae_concentric_dashed_squares_mild

Skill      XL: |  1  2  3 |
---------------+----------+-----
Axes           | 4 |  4.3
Fighting       | 4 |  4.4
Armour         | 3 |  3.0
Evocations     | 1 |  1.1
Dodging        | |  2.4

Action                   || total
-------------------------++-------
Melee: Hand axe          ||    58
       Headbutt          ||     7
Invok: Berserk           ||     1
  Use: Scroll            ||     1
       Potion            ||     1
 Stab: Sleeping          ||     1
Armor: Animal skin       ||    12
Dodge: Dodged            ||    36
